NYP
LOS ANGELES (NYP) ANGELS @ HUDSON VALLEY RENEGADES
08/13/2044
 
TOP OF THE 1ST
Los Angeles (NYP) Angels batting - Pitching for Hudson Valley Renegades : RHP David Zupon
Pitching: RHP David Zupon
Batting: RHB Randy Grewe 0-0: Called Strike
0-1: Called Strike
0-2: DOUBLE (Flyball, 8RD, EV 94.4 MPH)
Batting: RHB Steve Hasson 0-0: Ball
1-0: Ball
2-0: Called Strike
2-1: Swinging Strike
2-2: Strikes out swinging
Batting: RHB Jon Griffin 0-0: Called Strike
0-1: Swinging Strike
0-2: Ball
1-2: Foul Ball, location: 2F
1-2: Foul Ball, location: 2F
1-2: Ball
2-2: Ball
Wild Pitch!
Randy Grewe to third
3-2: Strikes out swinging
Batting: RHB Jeff Long 0-0: Called Strike
0-1: Ball
1-1: Ball
2-1: Fly out, F8 (Line Drive, 8RD, EV 107.5 MPH)
Top of the 1st over - 0 runs, 1 hit, 0 errors, 1 left on base; Los Angeles (NYP) 0 - Hudson Valley 0
BOTTOM OF THE 1ST
Hudson Valley Renegades batting - Pitching for Los Angeles (NYP) Angels : RHP Cal Abbott
Pitching: RHP Cal Abbott
Batting: LHB Dan Hunt 0-0: Foul Ball, location: 2F
0-1: Foul Ball, location: 2F
0-2: Foul Ball, location: 2F
0-2: Ball
1-2: DOUBLE (Line Drive, 3D, EV 96.2 MPH)
Batting: RHB Jesse Haddad 0-0: DOUBLE (Groundball, 5L, EV 102.5 MPH)
Dan Hunt scores
Batting: SHB Suljo Dokic 0-0: Called Strike
0-1: Ball
1-1: Ball
2-1: Ball
3-1: Ground out 5-3 (Groundball, 56, EV 86.9 MPH)
Batting: LHB Killian Chaumont 0-0: Ball
1-0: Called Strike
1-1: Called Strike
1-2: Strikes out swinging
Batting: RHB Chris Glavin 0-0: Called Strike
0-1: Swinging Strike
0-2: Ball
1-2: Foul Ball, location: 2F
1-2: Strikes out looking
Bottom of the 1st over - 1 run, 2 hits, 0 errors, 1 left on base; Los Angeles (NYP) 0 - Hudson Valley 1
TOP OF THE 2ND
Los Angeles (NYP) Angels batting - Pitching for Hudson Valley Renegades : RHP David Zupon
Batting: RHB John Beddow 0-0: Ball
1-0: Fly out, F6 (Popup, 6M, EV 45.6 MPH)
Batting: RHB Tsega Haida 0-0: Ball
1-0: Foul Ball, location: 2F
1-1: Ball
2-1: Called Strike
2-2: Strikes out looking
Batting: RHB Steve Hughey 0-0: Ball
1-0: SINGLE (Groundball, 56D, EV 108.1 MPH)
Batting: RHB David Kunze 0-0: Ball
1-0: Ball
2-0: Called Strike
2-1: Called Strike
2-2: Ball
3-2: Ground out 5-3 (Groundball, 56S, EV 92.5 MPH)
Top of the 2nd over - 0 runs, 1 hit, 0 errors, 1 left on base; Los Angeles (NYP) 0 - Hudson Valley 1
BOTTOM OF THE 2ND
Hudson Valley Renegades batting - Pitching for Los Angeles (NYP) Angels : RHP Cal Abbott
Batting: RHB Jesus Baires 0-0: Ground out 5-3 (Groundball, 5S, EV 78.1 MPH)
Batting: RHB Orlando Herrera 0-0: Swinging Strike
0-1: Ball
1-1: Swinging Strike
1-2: Strikes out swinging
Batting: SHB Tirta Subandrio 0-0: Foul Ball, location: 2F
0-1: Swinging Strike
0-2: Ball
1-2: Ball
2-2: Strikes out swinging
Bottom of the 2nd over - 0 runs, 0 hits, 0 errors, 0 left on base; Los Angeles (NYP) 0 - Hudson Valley 1
TOP OF THE 3RD
Los Angeles (NYP) Angels batting - Pitching for Hudson Valley Renegades : RHP David Zupon
Batting: RHB D.J. Martinez 0-0: Ball
1-0: Ball
2-0: Called Strike
2-1: Ball
3-1: Base on Balls
Batting: RHB Randy Grewe 0-0: Ball
1-0: Ball
2-0: Ball
3-0: Base on Balls
D.J. Martinez to second
Batting: RHB Steve Hasson 0-0: Called Strike
0-1: Foul Ball, location: 2F
0-2: Grounds into double play, 5-4-3 (Groundball, 56, EV 86.2 MPH)
D.J. Martinez to third
Batting: RHB Jon Griffin 0-0: Ball
1-0: Called Strike
1-1: Foul Ball, location: 2F
1-2: Strikes out swinging
Top of the 3rd over - 0 runs, 0 hits, 0 errors, 1 left on base; Los Angeles (NYP) 0 - Hudson Valley 1
BOTTOM OF THE 3RD
Hudson Valley Renegades batting - Pitching for Los Angeles (NYP) Angels : RHP Cal Abbott
Batting: RHB Jose Bengochea 0-0: Called Strike
0-1: Swinging Strike
0-2: Ball
1-2: Ball
2-2: Strikes out swinging
Batting: LHB Dan Hunt 0-0: Called Strike
0-1: Called Strike
0-2: Strikes out swinging
Batting: RHB Jesse Haddad 0-0: Ball
1-0: Ball
2-0: Ball
3-0: Base on Balls
Batting: SHB Suljo Dokic 0-0: Ball
Jesse Haddad steals 2nd base
1-0: Swinging Strike
1-1: Swinging Strike
1-2: Fly out, F6 (Flyball, 6D, EV 81.9 MPH)
Bottom of the 3rd over - 0 runs, 0 hits, 0 errors, 1 left on base; Los Angeles (NYP) 0 - Hudson Valley 1
TOP OF THE 4TH
Los Angeles (NYP) Angels batting - Pitching for Hudson Valley Renegades : RHP David Zupon
Batting: RHB Jeff Long 0-0: Called Strike
0-1: Foul Ball, location: 2F
0-2: Foul Ball, location: 2F
0-2: Ball
1-2: Hit by Pitch
Batting: RHB John Beddow 0-0: Ball
1-0: Called Strike
1-1: Ball
Wild Pitch!
Jeff Long to second
2-1: Ball
3-1: Foul Ball, location: 2F
3-2: Ground out 4-3 (Groundball, 4, EV 82.5 MPH)
Jeff Long to third
Batting: RHB Tsega Haida 0-0: TRIPLE (Line Drive, 89XD, EV 102.5 MPH)
Jeff Long scores
Batting: RHB Steve Hughey 0-0: Foul Ball, location: 2F
0-1: Called Strike
0-2: Foul Ball, location: 2F
0-2: Foul Ball, location: 2F
0-2: Foul Ball, location: 2F
0-2: Ball
1-2: Strikes out swinging
Batting: RHB David Kunze 0-0: Ball
1-0: Ball
2-0: Ball
3-0: Called Strike
3-1: Swinging Strike
3-2: Foul Ball, location: 2F
3-2: Foul Ball, location: 2F
3-2: Strikes out swinging, 2-3 out at first.
Top of the 4th over - 1 run, 1 hit, 0 errors, 1 left on base; Los Angeles (NYP) 1 - Hudson Valley 1
BOTTOM OF THE 4TH
Hudson Valley Renegades batting - Pitching for Los Angeles (NYP) Angels : RHP Cal Abbott
Batting: LHB Killian Chaumont 0-0: Ball
1-0: Ball
2-0: Ground out U3 (Groundball, 3, EV 103.8 MPH)
Batting: RHB Chris Glavin 0-0: Fly out, F6 (Popup, 6M, EV 76.2 MPH)
Batting: RHB Jesus Baires 0-0: Ball
1-0: Foul Ball, location: 2F
1-1: Ball
2-1: Foul Ball, location: 2F
2-2: Ball
3-2: Strikes out swinging, 2-3 out at first.
Bottom of the 4th over - 0 runs, 0 hits, 0 errors, 0 left on base; Los Angeles (NYP) 1 - Hudson Valley 1
TOP OF THE 5TH
Los Angeles (NYP) Angels batting - Pitching for Hudson Valley Renegades : RHP David Zupon
Batting: RHB D.J. Martinez 0-0: Ball
1-0: Foul Ball, location: 2F
1-1: SINGLE (Groundball, 6MD, EV 103.8 MPH)
Batting: RHB Randy Grewe 0-0: Ball
1-0: Ball
2-0: Called Strike
2-1: SINGLE (Line Drive, 78S, EV 113.1 MPH)
D.J. Martinez to second
Batting: RHB Steve Hasson 0-0: Called Strike
0-1: Swinging Strike
0-2: Strikes out looking
Pitching: LHP Richie van Wijngaarden
Batting: RHB Jon Griffin 0-0: Called Strike
0-1: Ball
1-1: SINGLE (Line Drive, 8RS, EV 108.8 MPH)
D.J. Martinez to third
Randy Grewe to second
Batting: RHB Jeff Long 0-0: Grounds into fielders choice 6-2 (Groundball, 6MS, EV 65.6 MPH)
Randy Grewe to third
Jon Griffin to second
Batting: RHB John Beddow 0-0: Called Strike
0-1: Foul Ball, location: 2F
0-2: Ball
1-2: Ball
2-2: Strikes out swinging
Top of the 5th over - 0 runs, 3 hits, 0 errors, 3 left on base; Los Angeles (NYP) 1 - Hudson Valley 1
BOTTOM OF THE 5TH
Hudson Valley Renegades batting - Pitching for Los Angeles (NYP) Angels : RHP Cal Abbott
Batting: RHB Orlando Herrera 0-0: Ball
1-0: Ball
2-0: Called Strike
2-1: Ball
3-1: DOUBLE (Line Drive, 8RXD, EV 110.0 MPH)
Batting: SHB Tirta Subandrio 0-0: SINGLE (Groundball, 34D, EV 106.2 MPH)
Orlando Herrera to third
Runner from 3rd tries for Home, SAFE, throw by RF to home
Batting: RHB Jose Bengochea 0-0: DOUBLE (Flyball, 78XD, EV 103.1 MPH)
Tirta Subandrio to third
Batting: LHB Dan Hunt 0-0: DOUBLE (Flyball, 78D, EV 96.2 MPH)
Tirta Subandrio scores
Jose Bengochea scores
Batting: RHB Jesse Haddad 0-0: Called Strike
0-1: Called Strike
0-2: Foul Ball, location: 2F
0-2: Foul Ball, location: 2F
0-2: Ball
1-2: Strikes out swinging
Batting: SHB Suljo Dokic 0-0: Ball
1-0: Ground out 6-3 (Groundball, 6, EV 100.6 MPH)
Batting: LHB Killian Chaumont 0-0: Ground out 4-3 (Groundball, 4S, EV 78.8 MPH)
Bottom of the 5th over - 3 runs, 4 hits, 0 errors, 1 left on base; Los Angeles (NYP) 1 - Hudson Valley 4
TOP OF THE 6TH
Los Angeles (NYP) Angels batting - Pitching for Hudson Valley Renegades : LHP Richie van Wijngaarden
Batting: RHB Tsega Haida 0-0: Ball
1-0: Called Strike
1-1: Foul Ball, location: 2F
1-2: Foul Ball, location: 2F
1-2: Strikes out looking
Batting: RHB Steve Hughey 0-0: Swinging Strike
0-1: Called Strike
0-2: Ball
1-2: Foul Ball, location: 2F
1-2: Ball
2-2: Foul Ball, location: 2F
2-2: Foul Ball, location: 2F
2-2: Strikes out looking
Batting: RHB David Kunze 0-0: Ball
1-0: Called Strike
1-1: Called Strike
1-2: Strikes out looking
Top of the 6th over - 0 runs, 0 hits, 0 errors, 0 left on base; Los Angeles (NYP) 1 - Hudson Valley 4
BOTTOM OF THE 6TH
Hudson Valley Renegades batting - Pitching for Los Angeles (NYP) Angels : RHP Cal Abbott
Batting: RHB Chris Glavin 0-0: Called Strike
0-1: Swinging Strike
0-2: Foul Ball, location: 2F
0-2: Strikes out looking
Batting: RHB Jesus Baires 0-0: Ball
1-0: Foul Ball, location: 2F
1-1: Ball
2-1: Ball
3-1: SINGLE (Groundball, 6M, EV 88.8 MPH) (infield hit)
Batting: RHB Orlando Herrera 0-0: Called Strike
0-1: Ball
1-1: Called Strike
1-2: Ball
Jesus Baires steals 2nd base
2-2: Strikes out looking
Pitching: LHP Alex Pulido
Batting: SHB Tirta Subandrio 0-0: Ball
1-0: Ground out 4-3 (Groundball, 4, EV 80.6 MPH)
Bottom of the 6th over - 0 runs, 1 hit, 0 errors, 1 left on base; Los Angeles (NYP) 1 - Hudson Valley 4
TOP OF THE 7TH
Los Angeles (NYP) Angels batting - Pitching for Hudson Valley Renegades : LHP Richie van Wijngaarden
Batting: RHB D.J. Martinez 0-0: Ball
1-0: Ball
2-0: Called Strike
2-1: Foul Ball, location: 2F
2-2: Strikes out swinging
Batting: RHB Randy Grewe 0-0: Foul Ball, location: 2F
0-1: Foul Ball, location: 2F
0-2: Ball
1-2: Ball
2-2: Strikes out looking
Batting: RHB Steve Hasson 0-0: Foul Ball, location: 2F
0-1: Swinging Strike
0-2: Strikes out swinging
Top of the 7th over - 0 runs, 0 hits, 0 errors, 0 left on base; Los Angeles (NYP) 1 - Hudson Valley 4
BOTTOM OF THE 7TH
Hudson Valley Renegades batting - Pitching for Los Angeles (NYP) Angels : LHP Alex Pulido
Batting: RHB Jose Bengochea 0-0: Ball
1-0: Foul Ball, location: 2F
1-1: Ball
2-1: Foul Ball, location: 2F
2-2: Ball
3-2: SINGLE (Line Drive, 7LM, EV 90.6 MPH)
Batting: LHB Dan Hunt 0-0: Ball
1-0: Ball
Wild Pitch!
Jose Bengochea to second
2-0: Ball
3-0: Called Strike
3-1: Called Strike
3-2: Fly out, F9 (Flyball, 89M, EV 84.4 MPH)
Batting: RHB Jesse Haddad 0-0: Called Strike
0-1: Foul Ball, location: 2F
0-2: Ground out 4-3 (Groundball, 4, EV 101.9 MPH)
Jose Bengochea to third
Batting: SHB Suljo Dokic 0-0: Ball
1-0: Swinging Strike
1-1: Swinging Strike
1-2: Foul Ball, location: 2F
1-2: Foul Ball, location: 2F
1-2: 2-RUN HOME RUN (Flyball, 78XD, EV 114.4 MPH), Distance : 450 ft
Batting: LHB Killian Chaumont 0-0: Ground out 5-3 (Groundball, 56, EV 88.1 MPH)
Bottom of the 7th over - 2 runs, 2 hits, 0 errors, 0 left on base; Los Angeles (NYP) 1 - Hudson Valley 6
TOP OF THE 8TH
Los Angeles (NYP) Angels batting - Pitching for Hudson Valley Renegades : LHP Richie van Wijngaarden
Batting: RHB Jon Griffin 0-0: Ball
1-0: Fly out, F9 (Flyball, 9D, EV 76.9 MPH)
Batting: RHB Jeff Long 0-0: Called Strike
0-1: Swinging Strike
0-2: Ball
1-2: Foul Ball, location: 2F
1-2: Foul Ball, location: 2F
1-2: Ball
2-2: Foul Ball, location: 2F
2-2: Ball
3-2: Strikes out swinging
Batting: RHB John Beddow 0-0: DOUBLE (Line Drive, 3D, EV 94.4 MPH)
Pitching: RHP Adam Worrell
Batting: RHB Tsega Haida 0-0: Ball
1-0: Ball
2-0: Ground out 5-3 (Groundball, 5D, EV 99.4 MPH)
Top of the 8th over - 0 runs, 1 hit, 0 errors, 1 left on base; Los Angeles (NYP) 1 - Hudson Valley 6
BOTTOM OF THE 8TH
Hudson Valley Renegades batting - Pitching for Los Angeles (NYP) Angels : LHP Alex Pulido
Batting: RHB Chris Glavin 0-0: Ball
1-0: Called Strike
1-1: Ball
2-1: Ball
3-1: Base on Balls
Batting: RHB Jesus Baires 0-0: Ball
Chris Glavin is caught stealing 2nd base 2-4
1-0: Called Strike
1-1: Ball
2-1: DOUBLE (Groundball, 5L, EV 108.1 MPH)
Batting: RHB Orlando Herrera 0-0: Called Strike
Jesus Baires steals 3rd base
0-1: Called Strike
0-2: Ball
1-2: 2-RUN HOME RUN (Flyball, 89XD, EV 104.4 MPH), Distance : 419 ft
Pitching: LHP Brandon Davis
Batting: SHB Tirta Subandrio 0-0: Swinging Strike
0-1: SINGLE (Groundball, 6MD, EV 107.5 MPH)
Batting: RHB Jose Bengochea 0-0: Ball
1-0: Foul Ball, location: 2F
1-1: Foul Ball, location: 2F
1-2: Foul Ball, location: 2F
1-2: Foul Ball, location: 2F
1-2: Foul Ball, location: 2F
1-2: Fielders Choice at 2nd, 6-4 (Groundball, 6, EV 84.4 MPH)
Batting: LHB Dan Hunt 0-0: Called Strike
0-1: Called Strike
0-2: Ball
1-2: Strikes out swinging
Bottom of the 8th over - 2 runs, 3 hits, 0 errors, 1 left on base; Los Angeles (NYP) 1 - Hudson Valley 8
TOP OF THE 9TH
Los Angeles (NYP) Angels batting - Pitching for Hudson Valley Renegades : RHP Adam Worrell
Batting: RHB Steve Hughey 0-0: Ball
1-0: Swinging Strike
1-1: Swinging Strike
1-2: SINGLE (Line Drive, 9LM, EV 93.8 MPH)
Batting: RHB David Kunze 0-0: Called Strike
0-1: Swinging Strike
0-2: Ball
1-2: Foul Ball, location: 2F
1-2: Ball
2-2: Foul Ball, location: 2F
2-2: Foul Ball, location: 2F
2-2: Foul Ball, location: 2F
2-2: Ball
3-2: Base on Balls
Steve Hughey to second
Pinch Hitting: SHB Conor Davies 0-0: Ball
1-0: Ball
2-0: Called Strike
2-1: Fielders Choice at 2nd, 6-4 (Groundball, 6, EV 103.8 MPH)
Steve Hughey to third
Pinch Hitting: RHB Zach Robbins 0-0: Ball
1-0: Swinging Strike
1-1: Ball
2-1: Grounds into double play, 6-4-3 (Groundball, 56, EV 100.0 MPH)
Top of the 9th over - 0 runs, 1 hit, 0 errors, 1 left on base; Los Angeles (NYP) 1 - Hudson Valley 8
Thursday, March 31st , 2022 - OOTP Baseball 22.12 Build 89